 Dungeon Crawl Stone Soup version 0.21.1-1-g345015f (webtiles) character file.

1523 vatarom the Covert (level 8, -3/42 HPs)
             Began as a Spriggan Enchanter on Apr 12, 2018.
             Slain by a hippogriff (6 damage)
             ... on level 7 of the Dungeon.
             The game lasted 00:27:47 (8073 turns).

vatarom the Covert (Spriggan Enchanter)             Turns: 8073, Time: 00:27:47

Health: -3/42      AC:  2    Str:  6    XL:     8   Next: 54%
Magic:  8/15       EV: 18    Int: 17    God:
Gold:   246        SH:  0    Dex: 20    Spells: 3/15 levels left

rFire    . . .     SeeInvis +   f - +2 dagger (speed)
rCold    . . .     Gourm    .   (shield restricted)
rNeg     . . .     Faith    .   b - +0 robe
rPois    +         Spirit   .   (helmet restricted)
rElec    .         Reflect  .   (no cloak)
rCorr    .         Harm     .   (gloves unavailable)
MR       +....                  (boots unavailable)
Stlth    +++++.....             (no amulet)
HPRegen  0.14/turn              g - ring of poison resistance
MPRegen  0.14/turn              D - +4 ring of dexterity

@: lethally poisoned (-3 -> -7), very quick
A: very small, unfitting armour, see invisible, herbivore, speed 3, slow
metabolism 2
a: no special abilities


You were on level 7 of the Dungeon.
You were not hungry.

You visited 2 branches of the dungeon, and saw 8 of its levels.
You also visited: Ossuary.

You collected 321 gold pieces.
You spent 75 gold pieces at shops.

Inventory:

Hand Weapons
 f - a +2 dagger of speed (weapon)
Armour
 b - a +0 robe (worn)
Jewellery
 g - a ring of poison resistance (left hand)
 D - a +4 ring of dexterity (right hand)
Wands
 q - a wand of flame (21)
Scrolls
 e - 2 scrolls of enchant armour
 j - a scroll of amnesia {unknown}
 k - a scroll of immolation {unknown}
 l - a scroll of blinking
 n - 4 scrolls of remove curse
 p - 2 scrolls of fear
 v - 2 scrolls of teleportation {unknown}
 z - a scroll of enchant weapon {unknown}
 C - 2 scrolls of magic mapping
 E - a scroll of identify
Potions
 a - 7 potions of curing
 h - a potion of haste
 i - a potion of flight {unknown}
 m - 3 potions of agility {unknown}
 o - a potion of degeneration {unknown}
 r - 3 potions of brilliance {unknown}
 s - 2 potions of resistance {unknown}
 t - 4 potions of heal wounds
 u - a potion of ambrosia {unknown}
 w - 2 potions of magic {unknown}
 x - a potion of lignification {unknown}
 A - a potion of invisibility {unknown}
 B - a potion of berserk rage {unknown}
 F - a potion of might {unknown}
Books
 c - a book of Maledictions

   Spells                             Type                      Level
   a - Corona                         Hexes                        1
   b - Ensorcelled Hibernation        Hexes/Ice                    2
   c - Confuse                        Hexes                        3
   d - Tukima's Dance                 Hexes                        3
   e - Dazzling Spray                 Conjuration/Hexes            3
Comestibles
 d - 8 rations


   Skills:
 + Level 3.7 Fighting
 * Level 6.2 Short Blades
 - Level 3.0 Dodging
 - Level 10.0 Stealth
 + Level 4.3 Spellcasting
 + Level 6.2 Hexes


You had 3 spell levels left.
You knew the following spells:

 Your Spells              Type           Power        Failure   Level  Hunger
a - Corona                Hex            ###....      1%          1    None
b - Ensorcelled Hibernat  Hex/Ice        ##....       6%          2    ##.....
c - Confuse               Hex            ###.....     3%          3    ###....
d - Tukima's Dance        Hex            ###.....     3%          3    ###....
e - Dazzling Spray        Conj/Hex       ##....       13%         3    ###....


Dungeon Overview and Level Annotations

Branches:
Dungeon (7/15)             Temple (1/1) D:4

Altars:
Dithmenos
Elyvilon
Fedhas
Gozag
Hepliaklqana
Kikubaaqudgha
Makhleb
Nemelex Xobeh
Okawaru
Qazlal
Ru
Sif Muna
Trog
Uskayaw
Yredelemnul
Zin

Shops:
D:5 ?   D:6 !%*   D:7 =


Innate Abilities, Weirdness & Mutations

You are very small and have problems with some larger weapons.
You are too small for most types of armour.
You have supernaturally acute eyesight. (SInv)
You are a herbivore.
You cover ground extremely quickly.
You need consume almost no food.


Message History

A centaur comes into view.
You feel sick.
Found a chain mail.
A centaur is nearby!
As you read the scroll labeled IBOR UZATI, it crumbles to dust.
You hear a loud clanging noise!
It was a scroll of noise.
You feel sick.
You hear an angry squeal.
You hear a shout!
You hear an angry squeal.
You hear a bellow!
You hear a screech!
The centaur wields a shortbow.
The centaur shoots an arrow.
The arrow completely misses you.
Okay, then.
Drop what? 32/52 slots (_ for help) (? for menu, Esc to quit)
You drop 2 scrolls of noise.
The centaur shoots an arrow.
The arrow completely misses you.
The centaur shoots an arrow.
The arrow hits you!
* * * LOW HITPOINT WARNING * * *
Okay, then.
The hippogriff completely misses you. The hippogriff pecks you.
You die...

..........##......
...
.....K_...#.......
..c ............#
...[ .#####...K..#
... .# ####H.K##
##.# .# #.....K.#
##...# ..
...###.#.###..# .
## ###.#..##?## ..
#...##.##@# ..
.##.KKKH.# .
#..####### .....
#.###. # .. ...#
.# .. ##..##.##..
...........#


You could see a hippogriff, a big kobold and 2 kobolds.

Vanquished Creatures
  Grinder (D:6)
  An ice beast (D:5)
  A sky beast (D:5)
  A centaur (D:6)
  3 bullfrogs
  4 wights (D:6)
  2 orc priests
  2 hounds
  A jelly (D:5)
  6 orc wizards
  Natasha (thrice) (D:2)
  A big kobold zombie (Ossuary)
  A hound skeleton (D:5)
  3 mummies (Ossuary)
  7 adders
  A gnoll (D:1)
  A shadow imp (D:7)
  An ooze (D:1)
  3 adder zombies (Ossuary)
  4 worms (D:2)
  A dart slug (D:4)
  3 leopard geckos
  16 orcs
  A ball python (D:2)
  6 bats
  2 giant cockroaches
  8 hobgoblins
  5 jackals (D:4)
  12 kobolds
  5 quokkas
  A ball python skeleton (D:4)
  7 frilled lizards
  3 gnoll zombies (Ossuary)
  10 goblins
  5 goblin zombies (Ossuary)
  A hobgoblin zombie (Ossuary)
  A leopard gecko skeleton (D:4)
  An orc zombie (Ossuary)
  A quokka zombie (Ossuary)
  4 rats
  3 rat zombies (Ossuary)
143 creatures vanquished.

Vanquished Creatures (collateral kills)
  An orc wizard (D:6)
  An orc (D:6)
2 creatures vanquished.

Grand Total: 145 creatures vanquished

Notes
Turn   | Place    | Note
-------+----------+-------------------------------------------
     0 | D:1      | vatarom the Spriggan Enchanter began the quest for the Orb.
     0 | D:1      | Reached XP level 1. HP: 9/9 MP: 5/5
   328 | D:1      | Reached XP level 2. HP: 14/14 MP: 6/6
   377 | D:1      | Learned a level 2 spell: Ensorcelled Hibernation
   654 | D:1      | Reached skill level 1 in Fighting
   654 | D:1      | Reached skill level 5 in Stealth
   759 | D:1      | Reached XP level 3. HP: 16/18 MP: 8/8
   798 | D:1      | Learned a level 3 spell: Confuse
  1387 | D:2      | Noticed Natasha
  1389 | D:2      | Killed Natasha
  1389 | D:2      | Reached XP level 4. HP: 23/23 MP: 5/9
  1661 | D:2      | Noticed Natasha
  1684 | D:2      | Killed Natasha
  1684 | D:2      | Reached skill level 6 in Stealth
  1717 | D:2      | Noticed Natasha
  1826 | D:2      | Killed Natasha
  1826 | D:2      | Reached XP level 5. HP: 17/26 MP: 5/10
  2116 | D:2      | Learned a level 3 spell: Tukima's Dance
  2559 | D:3      | Found a sparkling altar of Nemelex Xobeh.
  3013 | D:3      | Found a faded altar of an unknown god.
  3339 | D:5      | Entered Level 5 of the Dungeon
  3602 | D:5      | Found a sacrificial altar of Ru.
  3617 | D:5      | Reached skill level 7 in Stealth
  3617 | D:5      | Reached XP level 6. HP: 21/30 MP: 2/11
  3892 | D:5      | Found a shadowy altar of Dithmenos.
  3958 | D:4      | Found a sand-covered staircase.
  3988 | Ossuary  | Entered an ossuary
  4456 | Ossuary  | Reached skill level 5 in Hexes
  4622 | D:4      | Found a staircase to the Ecumenical Temple.
  4631 | Temple   | Entered the Ecumenical Temple
  5356 | D:5      | Noticed an ice beast
  5359 | D:5      | Killed an ice beast
  5359 | D:5      | Reached skill level 8 in Stealth
  5359 | D:5      | Reached XP level 7. HP: 35/35 MP: 12/12
  5460 | D:5      | Found Coosych's Magic Scroll Shop.
  5830 | D:6      | Noticed Grinder
  5833 | D:6      | Killed Grinder
  5833 | D:6      | Reached skill level 5 in Short Blades
  5850 | D:6      | Reached skill level 9 in Stealth
  5865 | D:6      | Reached XP level 8. HP: 34/40 MP: 1/14
  6006 | D:6      | Found Doisuirch's Assorted Antiques.
  6096 | D:6      | Found Feyleqio's Distillery.
  6189 | D:6      | Bought a potion of heal wounds for 75 gold pieces
  6201 | D:6      | Found Uzack's Food Shoppe.
  7161 | D:6      | Learned a level 3 spell: Dazzling Spray
  7492 | D:6      | Found a deep blue altar of Sif Muna.
  7728 | D:6      | Reached skill level 10 in Stealth
  7919 | D:7      | Found Faycoank's Jewellery Shoppe.
  7974 | D:7      | Found a burning altar of Makhleb.
  7991 | D:7      | Noticed a hippogriff
  7994 | D:7      | Noticed a hippogriff
  8073 | D:7      | Slain by a hippogriff

Skill      XL: |  1  2  3  4  5  6  7  8 |
---------------+-------------------------+-----
Fighting       | 1 2 3 |  3.7
Stealth        | 5 6 7 8 9 10 | 10.0
Hexes          | 4 5 6 |  6.2
Short Blades   | 2 3 4 5 6 |  6.2
Spellcasting   | 3 4 |  4.3
Dodging        | |  3.0

Action                   |  1- 3 |  4- 6 |  7- 9 || total
-------------------------+-------+-------+-------++-------
Melee: Dagger            |    83 |   319 |   115 ||   517
 Cast: Corona            |     4 |       |       ||     4
       Ensorcelled Hiber |    19 |    51 |    21 ||    91
       Confuse           |       |    19 |    17 ||    36
       Tukima's Dance    |       |       |     3 ||     3
Evoke: Wand              |       |       |     2 ||     2
  Use: Potion            |       |     1 |       ||     1
       Scroll            |       |     5 |     3 ||     8
 Stab: Sleeping          |    20 |    36 |    13 ||    69
       Confused          |       |     9 |     7 ||    16
       Paralysed         |       |     1 |       ||     1
  Eat: Ration            |       |     5 |     3 ||     8
Armor: Robe              |     4 |    13 |     3 ||    20
Dodge: Dodged            |    59 |   178 |    67 ||   304
